General information
- name: BNet
- type: Ladder team game (AT/RT)
- host: Battle.net
- saver: TylerAaronKerr
map: Slalom
- players: 8
- length: 06:34
- speed: Fast
- version: 1.21 W3XP
- replay type:

» download(45 KB)
Players
team 1 (winner)
NlGGERBALLS (
pink | 42 APM | 277 actions | 06:33)
1 Warden
1 Shadow Strike
» actions
| Assign group hotkey | 12 | |
| Basic commands | 9 | |
| Build / train | 31 | |
| Enter build submenu | 8 | |
| Enter hero's abilities submenu | 1 | |
| Right click | 101 | |
| Select / deselect | 36 | |
| Select group hotkey | 68 | |
| Use ability | 11 | |
277 total
» units
» buildings
| Altar of Elders | 1 | |
| Moon Well | 4 | |
| Tree of Life | 1 | |
6 total
» build order
00:08 Altar of Elders
00:19 Moon Well
01:00 Moon Well
02:31 Moon Well
04:42 Moon Well
05:54 Tree of Life

»
NUTSONYOCHIN.de (
blue | 75 APM | 491 actions | 06:33)
3 Death Knight
2 Death Coil
1 Unholy Aura
» actions
| Assign group hotkey | 7 | |
| Build / train | 19 | |
| Enter build submenu | 13 | |
| Enter hero's abilities submenu | 3 | |
| Right click | 208 | |
| Select / deselect | 46 | |
| Select group hotkey | 178 | |
| Use ability | 17 | |
491 total
» units
| Acolyte | 7 | |
| Ghoul | 1 | |
| Crypt Fiend | 5 | |
13 total
» upgrades
| Creature Attack | 1 | |
| Creature Carapace | 1 | |
2 total
» buildings
| Graveyard | 1 | |
| Crypt | 1 | |
| Ziggurat | 3 | |
| Altar of Darkness | 1 | |
| Necropolis | 4 | |
10 total
» build order
00:08 Graveyard
00:12 Crypt
00:31 Ziggurat
00:51 Altar of Darkness
01:40 Ziggurat
04:32 Ziggurat
04:38 Necropolis
04:46 Necropolis
04:55 Necropolis
05:00 Necropolis
parastaennen.fi (
green | 93 APM | 607 actions | 06:33)
1 Firelord
1 Incinerate
» actions
| Assign group hotkey | 93 | |
| Build / train | 29 | |
| Enter build submenu | 25 | |
| Enter hero's abilities submenu | 2 | |
| Right click | 248 | |
| Select / deselect | 88 | |
| Select group hotkey | 27 | |
| Use ability | 95 | |
607 total
» units
» upgrades
» buildings
| Lumber Mill | 1 | |
| Farm | 4 | |
| Altar of Kings | 1 | |
| Scout Tower | 18 | |
| Guard Tower | 9 | |
| Arcane Tower | 2 | |
| Keep | 1 | |
| Arcane Vault | 3 | |
39 total
» build order
00:18 Lumber Mill
00:33 Farm
01:14 Farm
02:24 Altar of Kings
02:30 Scout Tower
02:35 Scout Tower
02:42 Scout Tower
02:56 Farm
03:07 Guard Tower
03:08 Scout Tower
03:15 Scout Tower
03:22 Guard Tower
03:24 Scout Tower
03:26 Arcane Tower
03:28 Scout Tower
03:36 Guard Tower
03:38 Scout Tower
04:02 Guard Tower
04:04 Guard Tower
04:33 Keep
04:35 Guard Tower
04:37 Scout Tower
04:39 Scout Tower
04:42 Scout Tower
04:45 Arcane Tower
04:47 Arcane Vault
05:18 Guard Tower
05:20 Scout Tower
05:24 Farm
05:28 Scout Tower
05:29 Scout Tower
05:31 Guard Tower
05:33 Arcane Vault
05:35 Arcane Vault
05:53 Guard Tower
05:56 Scout Tower
05:58 Scout Tower
05:59 Scout Tower
05:59 Scout Tower
TylerAaronKerr (
yellow | 83 APM | 546 actions | 06:34)
1 Pandaren Brewmaster
1 Breath of Fire
» actions
| Assign group hotkey | 4 | |
| Build / train | 27 | |
| Enter build submenu | 24 | |
| Enter hero's abilities submenu | 2 | |
| Right click | 308 | |
| Select / deselect | 86 | |
| Select group hotkey | 60 | |
| Use ability | 34 | |
546 total
» units
» upgrades
» buildings
| Farm | 2 | |
| Lumber Mill | 1 | |
| Altar of Kings | 1 | |
| Scout Tower | 24 | |
| Arcane Tower | 1 | |
| Guard Tower | 9 | |
| Keep | 1 | |
39 total
» build order
00:33 Farm
00:41 Farm
00:50 Lumber Mill
01:15 Altar of Kings
01:33 Scout Tower
01:39 Scout Tower
02:04 Arcane Tower
02:17 Guard Tower
02:34 Scout Tower
02:39 Scout Tower
02:47 Scout Tower
03:08 Guard Tower
03:10 Scout Tower
03:11 Scout Tower
03:12 Scout Tower
03:36 Guard Tower
03:37 Scout Tower
03:38 Scout Tower
03:41 Guard Tower
03:43 Scout Tower
03:44 Scout Tower
04:40 Guard Tower
04:42 Guard Tower
04:43 Scout Tower
04:45 Scout Tower
04:51 Keep
04:55 Scout Tower
04:56 Scout Tower
04:57 Scout Tower
04:57 Scout Tower
04:59 Scout Tower
05:00 Scout Tower
05:22 Scout Tower
05:23 Scout Tower
05:33 Guard Tower
05:39 Guard Tower
05:46 Scout Tower
05:47 Scout Tower
06:03 Guard Tower
team 2 (loser)
Artur_Boruc (
teal | 47 APM | 292 actions | 06:09)
» actions
| Assign group hotkey | 4 | |
| Basic commands | 3 | |
| Build / train | 20 | |
| Enter build submenu | 25 | |
| Remove unit from queue | 1 | |
| Right click | 67 | |
| Select / deselect | 92 | |
| Select group hotkey | 51 | |
| Use ability | 29 | |
292 total
» units
» buildings
| Lumber Mill | 1 | |
| Farm | 1 | |
| Scout Tower | 22 | |
| Guard Tower | 4 | |
| Arcane Tower | 0 | |
28 total
» build order
00:14 Lumber Mill
00:23 Farm
02:35 Scout Tower
02:37 Scout Tower
02:40 Scout Tower
02:41 Scout Tower
02:43 Scout Tower
02:44 Scout Tower
03:08 Guard Tower
03:13 Guard Tower
03:44 Arcane Tower
03:46 Guard Tower
04:01 Scout Tower
04:20 Guard Tower
05:06 Scout Tower
05:09 Scout Tower
05:12 Scout Tower
05:14 Scout Tower
05:18 Scout Tower
05:20 Scout Tower
05:23 Scout Tower
05:26 Scout Tower
05:28 Scout Tower
05:52 Scout Tower
05:54 Scout Tower
05:55 Scout Tower
05:56 Scout Tower
05:58 Scout Tower
06:00 Scout Tower
MASCHRUM (
red | 37 APM | 223 actions | 06:04)
1 Tauren Chieftain
1 Shockwave
» actions
| Assign group hotkey | 4 | |
| Basic commands | 14 | |
| Build / train | 15 | |
| Enter build submenu | 6 | |
| Enter hero's abilities submenu | 1 | |
| Right click | 112 | |
| Select / deselect | 48 | |
| Select group hotkey | 16 | |
| Use ability | 7 | |
223 total
» units
» buildings
| Altar of Storms | 1 | |
| Orc Burrow | 3 | |
| Barracks | 1 | |
| Stronghold | 1 | |
| War Mill | 1 | |
7 total
» build order
00:08 Altar of Storms
00:18 Orc Burrow
00:51 Barracks
01:44 Orc Burrow
02:41 Stronghold
03:34 Orc Burrow
03:49 War Mill
SuRy (
purple | 37 APM | 245 actions | 06:32)
1 Tauren Chieftain
1 Shockwave
» actions
| Basic commands | 40 | |
| Build / train | 23 | |
| Enter build submenu | 8 | |
| Enter hero's abilities submenu | 1 | |
| Right click | 59 | |
| Select / deselect | 99 | |
| Use ability | 15 | |
245 total
» units
» buildings
| Altar of Storms | 1 | |
| Orc Burrow | 3 | |
| Barracks | 2 | |
| Voodoo Lounge | 1 | |
| Stronghold | 4 | |
| Fortress | 1 | |
| War Mill | 1 | |
| Guard Tower | 1 | |
14 total
» build order
00:09 Altar of Storms
00:26 Orc Burrow
00:46 Barracks
01:38 Orc Burrow
01:56 Voodoo Lounge
02:57 Stronghold
02:57 Stronghold
02:57 Stronghold
05:23 Barracks
05:25 Fortress
05:30 War Mill
05:34 Orc Burrow
06:14 Guard Tower
» items
| Healing Salve | 1 | |
| Lesser Clarity Potion | 1 | |
| Scroll of Speed | 1 | |
3 total
TorQuemada (
orange | 36 APM | 225 actions | 06:13)
1 Death Knight
1 Death Coil
» actions
| Assign group hotkey | 7 | |
| Basic commands | 1 | |
| Build / train | 17 | |
| Enter build submenu | 6 | |
| Enter hero's abilities submenu | 1 | |
| Right click | 107 | |
| Select / deselect | 56 | |
| Select group hotkey | 15 | |
| Use ability | 15 | |
225 total
» units
| Acolyte | 2 | |
| Ghoul | 2 | |
| Crypt Fiend | 7 | |
11 total
» buildings
| Graveyard | 1 | |
| Crypt | 1 | |
| Altar of Darkness | 1 | |
| Ziggurat | 2 | |
| Tomb of Relics | 1 | |
| Halls of the Dead | 1 | |
| Nerubian Tower | 1 | |
8 total
» build order
00:16 Graveyard
00:20 Crypt
00:45 Altar of Darkness
00:59 Ziggurat
01:46 Tomb of Relics
02:08 Ziggurat
03:52 Halls of the Dead
03:54 Nerubian Tower
» items
| Rod of Necromancy | 1 | |
| Dust of Appearance | 1 | |
2 total
Chat log
(00:02 / All) TylerAaronKerr: FROM
(00:03 / All) parastaennen.fi: )))
(00:13 / All) TorQuemada: p(r)oland!!!!
(00:26 / All) MASCHRUM: i am from german
(00:38 / All) MASCHRUM: scheisse
(00:46 / All) parastaennen.fi: nope busted
(00:48 / All) MASCHRUM: du bist nub
(00:54 / All) Artur_Boruc: macie przejebane kurwy
(01:03 / All) NUTSONYOCHIN.de: ströjgartenväckendom
(01:11 / All) SuRy: wtf mon??
(01:12 / All) parastaennen.fi: sie sprechen nicht deutsch auf wiedersehen tschüs nabi
(01:20 / All) NUTSONYOCHIN.de: LOL
(01:28 / All) MASCHRUM: ich sprechen deutch sehr gut
(01:40 / All) MASCHRUM: deutsch
(01:49 / All) NUTSONYOCHIN.de: usa#1
(01:57 / All) TorQuemada: dojczland sax
(01:59 / All) Artur_Boruc: jebac clan mash
(02:08 / All) parastaennen.fi: nieman von deutschland wollen "ss" schreiben tshüs byebye
(02:24 / All) MASCHRUM: kurwa boru
(02:31 / All) TorQuemada: ally tk!
(02:52 / All) Artur_Boruc: jebac klan koks'
(02:53 / All) TorQuemada: stop tk!
(03:22 / All) Artur_Boruc: maschrum is a loser
(03:31 / All) NUTSONYOCHIN.de: so is U
(03:43 / All) TorQuemada: so are u noob ;o
(03:45 / All) TorQuemada: not 'is'
(03:48 / All) TorQuemada: -.-
(03:51 / All) Artur_Boruc: pozdrowienia od Zena maszrum
(03:53 / All) Artur_Boruc: idioto
(03:54 / All) Artur_Boruc: hahaha
(04:32 / All) Artur_Boruc: jebac maszruma
(04:35 / All) TylerAaronKerr: lmao cancel ythat tech?
(04:37 / All) Artur_Boruc: jebac klan koks
(05:41 / All) MASCHRUM: ;p
(05:44 / All) MASCHRUM: pierdole to
(05:50 / All) MASCHRUM: pierdol sie
(06:02 / All) MASCHRUM: dobra out
(06:12 / All) NUTSONYOCHIN.de: LOL.
(06:20 / All) NlGGERBALLS: proland
(06:21 / Allies) NlGGERBALLS: ya
(06:23 / All) NlGGERBALLS: ya rite
(06:24 / All) parastaennen.fi: lmfao bye bye german impersonator
(06:24 / All) NlGGERBALLS: u sx
(06:25 / All) TylerAaronKerr: Laughcyrzw
(06:28 / All) parastaennen.fi: don't fuck with the reich
(06:31 / All) parastaennen.fi: angela merkel spank u